 Dungeon Crawl Stone Soup version 0.28-a0-1594-ga885d4b3d6 (webtiles) character file.

Game seed: 16287665101256212963

32 psuckher the Sneak (level 3, -3/27 HPs)
             Began as a Demonspawn Brigand on Jan 20, 2022.
             Was a Follower of Dithmenos.
             Slain by Terence (11 damage)
             ... on level 2 of the Dungeon.
             The game lasted 00:08:04 (1532 turns).

psuckher the Sneak (Demonspawn Brigand)             Turns: 1532, Time: 00:08:05

Health: -3/27      AC:  4    Str: 11    XL:     3   Next: 8%
Magic:  3/3        EV: 12    Int: 12    God:    Dithmenos [*.....]
Gold:   38         SH:  0    Dex: 16    Spells: 2/2 levels left

rFire   . . .      SeeInvis .   a - +2 dagger
rCold   . . .      Faith    .   (no shield)
rNeg    . . .      Spirit   .   b - +0 robe
rPois   .          Reflect  .   (no helmet)
rElec   .          Harm     .   c - +0 cloak
rCorr   .          Rampage  .   l - +0 pair of gloves
Will    .....                   (no boots)
Stlth   +++.......              (no amulet)
HPRegen 0.09/turn               (no ring)
MPRegen 0.08/turn               (no ring)

@: wreathed by umbra
A: claws 1, powered by death 1
a: Renounce Religion


You were on level 2 of the Dungeon.
You worshipped Dithmenos.
Dithmenos was aware of your devotion.
You visited 1 branch of the dungeon, and saw 2 of its levels.

You collected 38 gold pieces.

Inventory:

Hand Weapons
 a - a +2 dagger (weapon)
Missiles
 d - 8 poisoned darts (quivered)
 e - 2 curare-tipped darts
Armour
 b - a +0 robe (worn)
 c - a +0 cloak (worn)
 l - a +0 pair of gloves (worn)
Magical Staves
 f - a staff of fire
 k - a staff of cold
Scrolls
 g - a scroll of identify {unknown}
 i - a scroll of teleportation {unknown}
Potions
 h - a potion of might {unknown}
 j - a potion of flight {unknown}
 m - a potion of haste {unknown}


   Skills:
 + Level 2.2 Fighting
 + Level 2.1 Short Blades
 + Level 2.0 Throwing
 + Level 1.1 Dodging
 + Level 4.1 Stealth


You had 2 spell levels left.
You didn't know any spells.
Your spell library was empty.

Dungeon Overview and Level Annotations

Branches:
Dungeon (2/15)

Altars:
Dithmenos

Annotations:
D:2 Terence


Innate Abilities, Weirdness & Mutations

You have sharp fingernails.
You regenerate a little health from kills.


Message History

There is an open door here.
Terence the Incautious comes into view.
He is wielding a +0 flail.
Terence shouts!
A frilled lizard comes into view.
Terence barely misses you. Terence closely misses you.
The frilled lizard hisses angrily.
You hit Terence but do no damage. Terence closely misses you.
You hit Terence.
Terence is lightly wounded.
Terence barely misses you.
You hit Terence.
Terence is moderately wounded.
The frilled lizard barely misses you. Terence hits you with a +0 flail.
You hit Terence.
Terence is heavily wounded.
The frilled lizard hisses.
The frilled lizard bites you. Terence barely misses you.
You hit Terence but do no damage.
Terence is heavily wounded.
The frilled lizard barely misses you. Terence barely misses you.
You hit Terence.
Terence is heavily wounded.
The frilled lizard closely misses you.
You barely miss Terence.
Terence is heavily wounded.
Terence hits you with a +0 flail.
The frilled lizard bites you but does no damage.
You hit Terence. Your punch misses Terence.
Terence is severely wounded.
Terence hits you with a +0 flail! The frilled lizard closely misses you.
You closely miss Terence.
Terence is severely wounded.
Terence bares his teeth.
Terence hits you with a +0 flail. The frilled lizard bites you.
* * * LOW HITPOINT WARNING * * *
You hit Terence but do no damage.
Terence is severely wounded.
Terence hits you with a +0 flail!
You die...

.#### .#PP#### #### .#.P.PP###
#... .#P≈≈≈≈≈P####...
.≈≈.P.P.≈...##..#
.#P..###P≈.P.#..##### .#.P##
###≈≈P#......# .#.## ###.#.l....#
.###########_#.@@...#
##.........#8#......#
##.........####.....######
.'.......>..'.............
##..........##################
#..........##########.......####
#########............'...........
.....# ##############...........
.....######### #...........


You could see Terence and a frilled lizard.

Vanquished Creatures
  An adder (D:2)
  3 endoplasms (D:1)
  2 giant cockroaches (D:2)
  2 hobgoblins
  3 kobolds (D:1)
  2 ball pythons (D:1)
  5 bats
  2 frilled lizards
  2 rats (D:2)
22 creatures vanquished.

Notes
Turn   | Place    | Note
-------+----------+-------------------------------------------
     0 | D:1      | psuckher the Demonspawn Brigand began the quest for the
                  | Orb.
     0 | D:1      | Reached XP level 1. HP: 16/16 MP: 1/1
   494 | D:1      | Gained mutation: You regenerate a little health from kills.
                  | [demonic ancestry]
   494 | D:1      | Reached XP level 2. HP: 21/22 MP: 2/2
   546 | D:1      | Reached skill level 4 in Stealth
  1017 | D:2      | Reached skill level 1 in Dodging
  1105 | D:2      | Found a faded altar of an unknown god.
  1111 | D:2      | Prayed at the altar of an unknown god.
  1111 | D:2      | Became a worshipper of Dithmenos the Shadowed
  1111 | D:2      | Reached * piety under Dithmenos
  1230 | D:2      | Discovered your monstrous ancestry.
  1230 | D:2      | Gained mutation: You have sharp fingernails. [demonic
                  | ancestry]
  1230 | D:2      | Reached XP level 3. HP: 27/27 MP: 3/3
  1514 | D:2      | Noticed Terence
  1532 | D:2      | Slain by Terence

Illustrated notes

Levels and vault maps discovered:
D:1:      lightli_iron_boxes, layout_basic
D:2:      layout_basic, shapermc_ecumenical_altar_hornbeckon,
          grunt_ministairs_14, uniq_terence

Skill      XL: |  1  2 |
---------------+-------+-----
Throwing       | 2 |  2.0
Stealth        | 4 |  4.1
Short Blades   | 2 |  2.1
Dodging        | 1 |  1.1
Fighting       | |  2.2

Action                   || total
-------------------------++-------
Melee: Dagger            ||    90
       Punch             ||     4
Throw: Dart              ||     1
 Stab: Sleeping          ||     1
Armor: Robe              ||    40
Dodge: Dodged            ||    84

Table legend: (Time is in decaauts)
 A = Elapsed time spent in this place.
 B = Non-inter-level travel time spent in this place.
 C = Inter-level travel time spent in this place.
 D = Time resting spent in this place.
 E = Time spent auto-exploring this place.
 F = Levels seen in this place.
 G = Mean time per level.
                   A        B        C        D        E       F      G
               +--------+--------+--------+--------+--------+-----+--------+
         Total |   1531 |   1335 |    196 |      0 |      0 |   2 |  765.5 |
       Dungeon |   1531 |   1335 |    196 |      0 |      0 |   2 |  765.5 |
               +--------+--------+--------+--------+--------+-----+--------+

Top non-repeatable levels by time:
     D:1: 986 daAuts
     D:2: 545 daAuts
